 Dungeon Crawl Stone Soup version 0.28.0-53-g5a82cb258f (webtiles) character file.

Game seed: 7796416706369452352

7 Faeu the Insei (level 2, -2/23 HPs)
             Began as a Djinni Transmuter on May 30, 2022.
             Slain by a quokka (4 damage)
             ... on level 1 of the Dungeon.
             The game lasted 00:00:59 (391 turns).

Faeu the Insei (Djinni Transmuter)                   Turns: 391, Time: 00:01:00

Health: -2/23      AC:  2    Str:  9    XL:     2   Next: 5%
Gold:   14         EV: 12    Int: 14    God:
                   SH:  0    Dex: 13

rFire   + + .      SeeInvis .   b - +0 dagger {short}
rCold   x . .      Faith    .   (no shield)
rNeg    . . .      Spirit   .   a - +0 robe
rPois   ∞          Reflect  .   (no helmet)
rElec   .          Harm     .   (no cloak)
rCorr   .          Rampage  .   (no gloves)
Will    .....                   (boots unavailable)
Stlth   +.........              (no amulet)
HPRegen 0.07/turn               (no ring)
MPRegen 0.00/turn               (no ring)

@: flying
A: sickness immunity, fire resistance 2, cold vulnerability 1, float, innate
caster, HP casting, extra vitality 1
a: no special abilities


You were on level 1 of the Dungeon.
You visited 1 branch of the dungeon, and saw 1 of its levels.

You collected 14 gold pieces.


Innate Abilities, Weirdness & Mutations

You are immune to sickness and miasma.
You are immune to poison.
Your flesh is very heat resistant. (rF++)
You are vulnerable to cold. (rC-)
You float through the air rather than walking.
You learn spells naturally, not from books.
Your magical power is your life essence.
You have superior vitality. (+4 MHP)


   Skills:
 + Level 2.0 Fighting
 - Level 2.1 Dodging
 - Level 3.0 Unarmed Combat
 - Level 1.5 Spellcasting


You couldn't memorise any spells.
You knew the following spells:

 Your Spells              Type           Power      Damage    Failure   Level
a - Beastly Appendage     Tmut           10%        N/A       13%         1
b - Wereblood             Tmut           5%         N/A       21%         2
c - Spider Form           Tmut/Pois      5%         N/A       36%         3
d - Ice Form              Ice/Tmut       5%         N/A       78%         4
Your spell library was empty.

Inventory:

Hand Weapons
 b - a +0 dagger (weapon) {short}
   (You found it on level 1 of the Dungeon)
Armour
 a - a +0 robe (worn)

Dungeon Overview and Level Annotations

Branches:
Dungeon (1/15)

Altars:

#.###.#... #.# #.###.........
.....# . .#. ####.........#
..♣.♣... .....#######.#######
#....#. ..#.# ..#.......#
....... .#.# #.#.#.##### .##..##
...# #.#.#.....# .#....#
♣♣♣♣♣.#r# #.#.#####.#
.#....##♣♣...P♣#@# #.#.#...#.#
..............♣..#####.#.#.#.#.#
.♣....##♣♣P...♣#.#.......#.#.#.#
......# ♣♣♣♣♣...#######.#.#.#.#
.♣....# #............#.#.#.#
.#....# ##....#######.#.#.#.#
.#....# #.....#.......#.#.#.#
.#....# #.....#.#####.#.#...#
.#....######.....#.#...#.#.#####


You could see a quokka.


Message History

You hit the hobgoblin. The hobgoblin barely misses you.
You grow a pair of large bovine horns.
The hobgoblin hits you. 😮 HP[-4]
You take 4 damage, and now have 10/17 hp.
MASSIVE DAMAGE!! (PAUSE)
You closely miss the hobgoblin. You headbutt the hobgoblin.
You kill the hobgoblin!
A bat comes into view.
Your magical contamination has completely faded away.
The bat barely misses you.
A bat is nearby!
You are too injured to fight recklessly!
A bat is nearby!
You are too injured to fight recklessly!
A bat is nearby!
You are too injured to fight recklessly!
A bat is nearby!
You are too injured to fight recklessly!
A bat is nearby!
You are too injured to fight recklessly!
A bat is nearby!
You are too injured to fight recklessly!
You hit the bat.
You kill the bat!
Your transformation is almost over. 😮 HP[+1]
Your horns disappear.
A goblin comes into view. It is wielding a +0 club.
You hit the goblin.
You kill the goblin! 😎 HP[+7]
You now have 18 max hp (+1).
Things that are here:
a +0 club {mace}; a goblin corpse No target in view!
A hobgoblin comes into view.
No reachable target in view!
A hobgoblin is nearby!
No reachable target in view!
You see here a +0 dagger {short}.
b - a +0 dagger (weapon)
{short} The hobgoblin shouts!
You hear an angry hiss.
A quokka comes into view.
The hobgoblin hits you.
The quokka moves out of view. 😕 HP[-2]
You take 2 damage, and now have 16/18 hp.
You hit the hobgoblin. The hobgoblin hits you. 😮 HP[-3]
You take 3 damage, and now have 13/18 hp.
You barely miss the hobgoblin. The hobgoblin hits you.
You barely miss the hobgoblin. The hobgoblin completely misses you.
You are too injured to fight recklessly!
Casting: Beastly Appendage (safe; 13% risk of failure)
Confirm with . or Enter, or press ? or * to list all spells.
You grow a pair of large bovine horns.
The hobgoblin hits you.
* * * LOW HITPOINT WARNING * * *
😨 HP[-4]
You take 4 damage, and now have 9/18 hp.
MASSIVE DAMAGE!! (PAUSE)
You hit the hobgoblin but do no damage. The hobgoblin hits you.
* * * LOW HITPOINT WARNING * * *
😨 HP[-4]
You take 4 damage, and now have 5/18 hp.
MASSIVE DAMAGE!! (PAUSE)
You closely miss the hobgoblin. The hobgoblin barely misses you.
You barely miss the hobgoblin.
You headbutt the hobgoblin, but do no damage.
The hobgoblin closely misses you.
You hit the hobgoblin. Your headbutt misses the hobgoblin.
The hobgoblin misses you.
You completely miss the hobgoblin. Your headbutt misses the hobgoblin.
Your transformation is almost over.
The hobgoblin misses you.
You hit the hobgoblin but do no damage. The hobgoblin misses you.
You hit the hobgoblin but do no damage. The hobgoblin closely misses you.
You closely miss the hobgoblin. The hobgoblin hits you.
* * * LOW HITPOINT WARNING * * *
😱 HP[-1]
You take 1 damage, and now have 4/18 hp.
You hit the hobgoblin. The hobgoblin barely misses you.
You barely miss the hobgoblin. Your headbutt misses the hobgoblin.
The hobgoblin hits you but does no damage.
You hit the hobgoblin. The hobgoblin hits you.
* * * LOW HITPOINT WARNING * * *
😱 HP[-1]
You take 1 damage, and now have 3/18 hp.
You closely miss the hobgoblin. The hobgoblin misses you.
You hit the hobgoblin but do no damage. The hobgoblin hits you.
* * * LOW HITPOINT WARNING * * *
😱 HP[-2]
You take 2 damage, and now have 1/18 hp.
You hit the hobgoblin. You headbutt the hobgoblin.
You kill the hobgoblin!
Your horns disappear.
Your Fighting skill increases to level 2!
You have reached level 2! 😱 HP[+1]
You now have 23 max hp (+5).
You hit the quokka. The quokka barely misses you. The quokka bites you.
You die...

Skill      XL: |  1 |
---------------+----+-----
Fighting       | 2 |  2.0
Dodging        | |  2.1
Unarmed Combat | |  3.0
Spellcasting   | |  1.5

Action                   || total
-------------------------++-------
Melee: Dagger            ||    18
       Unarmed           ||    11
       Headbutt          ||     3
 Cast: Beastly Appendage ||     2
Armor: Robe              ||     2
Dodge: Dodged            ||    14

Levels and vault maps discovered:
D:1:      matt_arrival_spirals, layout_basic, serial_forest,
          infiniplex_forest_end_3, infiniplex_forest_lined_2,
          infiniplex_forest_end_1, infiniplex_forest_zigzag_1,
          infiniplex_forest_clump_tiny, infiniplex_forest_lined_3_way,
          infiniplex_forest_clump_medium, infiniplex_forest_clump_tiny,
          hellmonk_ecumenical_altar_prayer_group

Notes
Turn   | Place    | Note
-------+----------+-------------------------------------------
     0 | D:1      | Faeu the Djinni Transmuter began the quest for the Orb.
     0 | D:1      | Reached XP level 1. HP: 17/17 MP: 0/0
     0 | D:1      | magus.rc [v1.9.6]
   384 | D:1      | HP: 4/18 [hobgoblin (1)]
   389 | D:1      | HP: 1/18 [hobgoblin (2)]
   391 | D:1      | Reached skill level 2 in Fighting
   391 | D:1      | Reached XP level 2. HP: 2/23 MP: 0/0
   391 | D:1      | Slain by a quokka

Vanquished Creatures
  A bat (D:1)
  A goblin (D:1)
  3 hobgoblins (D:1)
5 creatures vanquished.

Table legend:
 A = Non-vault XP
 B = Vault XP
 C = Vault XP percentage of total XP
 D = Non-vault monster count
 E = Vault monster count
 F = Vault count percentage of total count
                 A         B        C        D         E       F
            +---------+---------+-------+---------+---------+-------
      Total |      10 |       0 |   0.0 |       5 |       0 |   0.0
            +---------+---------+-------+---------+---------+-------
        D:1 |      10 |       0 |   0.0 |       5 |       0 |   0.0
            +---------+---------+-------+---------+---------+-------

Illustrated notes

Table legend:
 A = Kills in this place as a percentage of kills in entire the game.
 B = Kills by you in this place as a percentage of kills by you in the entire game.
 C = Kills by friends in this place as a percentage of kills by friends in the entire game.
 D = Other kills in this place as a percentage of other kills in the entire game.
 E = Experience gained in this place as a percentage of experience gained in the entire game.
 F = Experience gained in this place divided by the number of levels of this place that you have seen.
                   A       B       C       D       E      F
               +-------+-------+-------+-------+-------+----------------------
         Total | 100.0 | 100.0 |   N/A |   N/A | 100.0 |  10.0
       Dungeon | 100.0 | 100.0 |   N/A |   N/A | 100.0 |  10.0
               +-------+-------+-------+-------+-------+----------------------

Table legend: (Time is in decaauts)
 A = Elapsed time spent in this place.
 B = Non-inter-level travel time spent in this place.
 C = Inter-level travel time spent in this place.
 D = Time resting spent in this place.
 E = Time spent auto-exploring this place.
 F = Levels seen in this place.
 G = Mean time per level.
                   A        B        C        D        E       F      G
               +--------+--------+--------+--------+--------+-----+--------+
         Total |    390 |    390 |      0 |      0 |    330 |   1 |  390.0 |
       Dungeon |    390 |    390 |      0 |      0 |    330 |   1 |  390.0 |
               +--------+--------+--------+--------+--------+-----+--------+

Top non-repeatable levels by time:
     D:1: 390 daAuts
